 Dungeon Crawl Stone Soup version 0.20-a0-738-gb057e68 (webtiles) character file.

408 Alarkh the Charlatan (level 6, -1/48 HPs)
             Began as a Demonspawn Monk on Feb 23, 2017.
             Was a Believer of Okawaru.
             Slain by a gnoll
             ... wielding a +0 halberd
              (12 damage)
             ... while paralysed
             ... on level 4 of the Dungeon.
             The game lasted 00:06:18 (3633 turns).

Alarkh the Charlatan (Demonspawn Monk)              Turns: 3633, Time: 00:06:19

Health: -1/48      AC:  4    Str: 12    XL:     6   Next: 57%
Magic:  9/9        EV:  2    Int: 13    God:    Okawaru [**....]
Gold:   224        SH:  0    Dex: 15    Spells: 5/5 levels left

rFire    . . .     SeeInvis .   a - +0 falchion
rCold    . . .     Gourm    .   b - +0 robe
rNeg     . . .     Faith    .   l - +0 buckler
rPois    .         Spirit   .   (helmet restricted)
rElec    .         Reflect  .   (no cloak)
rCorr    .         Harm     .   (no gloves)
MR       .....                  v - +1 pair of boots
Stlth    ++........             k - amulet of rage
Regen    0.2/turn               (no ring)
MPRegen  0.2/turn               (no ring)

@: paralysed, exhausted, slowed
A: horns 1, repulsion field 2
a: Heroism, Renounce Religion, Evoke Berserk Rage


You were on level 4 of the Dungeon.
You worshipped Okawaru.
Okawaru was pleased with you.
You were hungry.

You visited 2 branches of the dungeon, and saw 5 of its levels.

You collected 224 gold pieces.

Inventory:

Hand Weapons
 a - a +0 falchion (weapon)
Armour
 b - a +0 robe (worn)
 l - a +0 buckler (worn)
 v - a +1 pair of boots (worn)
Jewellery
 k - an amulet of rage (around neck)
Scrolls
 d - 5 scrolls of remove curse
 e - a scroll of identify
 h - 3 scrolls of recharging
 j - a scroll of fog
 q - a scroll of magic mapping
 t - 4 scrolls of teleportation
 x - a scroll of noise {unknown}
Potions
 f - a potion of lignification
 g - a potion of haste
 i - a potion of resistance {unknown}
 n - 2 potions of curing
 o - a potion of heal wounds
 p - a potion of brilliance
 r - a potion of might
 s - a potion of berserk rage
Books
 u - a book of Cantrips

   Spells                             Type                      Level
   a - Confusing Touch                Hexes                        1
   b - Animate Skeleton               Necromancy                   1
   c - Summon Small Mammal            Summoning                    1
   d - Apportation                    Translocation                1
Comestibles
 c - 5 bread rations
 m - 5 meat rations
 w - 6 chunks of flesh
 z - a royal jelly


   Skills:
 - Level 3.7 Fighting
 - Level 4.0 Long Blades
 - Level 3.2 Dodging
 - Level 1.7 Stealth
 - Level 1.2 Shields
 + Level 4.6 Evocations


You had 5 spell levels left.
You didn't know any spells.

Dungeon Overview and Level Annotations

Branches:
Dungeon (4/15)             Temple (1/1) D:4

Altars:
Ashenzari
Cheibriados
Dithmenos
Elyvilon
Fedhas
Gozag
Hepliaklqana
Kikubaaqudgha
Makhleb
Nemelex Xobeh
Okawaru
Qazlal
Ru
Sif Muna
Trog
Uskayaw
Vehumet
Xom
Yredelemnul
Zin
The Shining One


Innate Abilities, Weirdness & Mutations

You have a pair of small horns on your head.
You are surrounded by a moderate repulsion field. (EV +3)


Message History

You kill the hobgoblin!
Okawaru accepts your kill. The gnoll barely misses you.
Items here: $ ) †† a spear; 13 gold pieces; a gnoll corpse x2
You completely miss the gnoll. Your headbutt misses the gnoll.
The kobold closely misses you. The big kobold hits you with a whip.
Your shield prevents you from hitting the gnoll.
You headbutt the gnoll!
The gnoll is severely wounded.
You are no longer berserk.
You pass out from exhaustion.
You feel yourself slow down. The kobold hits you.
The gnoll hits you with a halberd! The big kobold hits you with a whip.
* * * LOW HITPOINT WARNING * * *
The kobold hits you.
* * * LOW HITPOINT WARNING * * *
The gnoll hits you with a halberd!
You die...

#...######## ####
#)))#......## ##..(
#)..#.......###....
##'##........#..)..
#..........(#).)(.
#.........(((..)(.
#.......(...#.....
##K##........#.....
#$@K#.......###....
#$g$#......## ##...
#$$$######## ####
#####


You could see a big kobold, a gnoll and a kobold.

Vanquished Creatures
  A big kobold (D:4)
  An orc priest (D:4)
  2 orc wizards (D:4)
  5 gnolls
  8 adders
  2 oozes
  An adder skeleton (D:4)
  3 worms
  A dart slug (D:4)
  5 leopard geckos
  3 orcs (D:4)
  6 giant cockroaches
  12 hobgoblins
  4 jackals (D:4)
  28 kobolds
  2 quokkas
  A ball python (D:3)
  3 bats
  9 frilled lizards
  8 goblins
  10 rats
115 creatures vanquished.

Notes
Turn   | Place    | Note
-------+----------+-------------------------------------------
     0 | D:1      | Alarkh the Demonspawn Monk began the quest for the Orb.
     0 | D:1      | Reached XP level 1. HP: 18/18 MP: 1/1
   204 | D:1      | Gained mutation: You are surrounded by a mild repulsion field. (EV +2) [demonic ancestry]
   204 | D:1      | Reached XP level 2. HP: 19/24 MP: 2/2
   867 | D:2      | Gained mutation: You have a pair of small horns on your head. [demonic ancestry]
   867 | D:2      | Reached XP level 3. HP: 22/29 MP: 3/3
  1331 | D:2      | Found a white marble altar of Elyvilon.
  1430 | D:2      | Reached XP level 4. HP: 28/35 MP: 4/4
  1614 | D:2      | Reached skill level 1 in Shields
  1751 | D:2      | Found a shattered altar of Ashenzari.
  2080 | D:3      | Found a faded altar of an unknown god.
  2116 | D:3      | Found an iron altar of Okawaru.
  2123 | D:3      | Became a worshipper of Warmaster Okawaru
  2123 | D:3      | Reached * piety under Okawaru
  2123 | D:3      | Reached ** piety under Okawaru
  2128 | D:3      | Reached XP level 5. HP: 42/42 MP: 5/5
  2129 | D:3      | Reached skill level 1 in Evocations
  2217 | D:3      | Found a hazy altar of Hepliaklqana.
  2915 | D:4      | Found a staircase to the Ecumenical Temple.
  2938 | Temple   | Entered the Ecumenical Temple
  3271 | D:4      | Found a glowing golden altar of the Shining One.
  3278 | D:4      | Found a basalt altar of Yredelemnul.
  3279 | D:4      | Found a snail-covered altar of Cheibriados.
  3337 | D:4      | Gained mutation: You are surrounded by a moderate repulsion field. (EV +3) [demonic ancestry]
  3337 | D:4      | Reached XP level 6. HP: 47/48 MP: 8/8
  3633 | D:4      | Slain by a gnoll

Vault maps used:
D:1:      sevenhm_arrival_forest_fort_small_6
D:2:      elyvilon_altar_1, kennysheep_flooded_box, lemuel_tele_altar
D:3:      okawaru_trees_2, old_standard_altar, first_bread,
          chequers_ecumenical_altar_twisty
D:4:      minmay_goblin_kobold_castle, minitemple,
          minmay_temple_entry_nine_rooms
Temple:   jpeg_temple_clearing

Skill      XL: |  1  2  3  4  5  6 |
---------------+-------------------+-----
Long Blades    | 3 4 |  4.0
Dodging        | 3 |  3.2
Shields        | 1 |  1.2
Evocations     | 3 4 |  4.6
Fighting       | |  3.7
Stealth        | |  1.7

Action                   |  1- 3 |  4- 6 || total
-------------------------+-------+-------++-------
Melee: Falchion          |   100 |   203 ||   303
       Headbutt          |     5 |    33 ||    38
 Abil: Evoke Berserk Rag |     2 |     6 ||     8
  Use: Scroll            |     5 |     7 ||    12
 Stab: Sleeping          |     4 |     5 ||     9
       Distracted        |       |     1 ||     1
  Eat: Chunk             |     4 |    12 ||    16
Armor: Robe              |    16 |    38 ||    54
Dodge: Dodged            |    53 |   184 ||   237
Block: Buckler           |    10 |    60 ||    70
       Rpst.: Falchion   |    15 |    54 ||    69
